 Dungeon Crawl Stone Soup version 0.25-a0-496-g8c4878dea3 (webtiles) character file.

Game seed: 4346100678313458604, levelgen mode: deterministic

93 Aggronaut the Sneak (level 4, -3/21 HPs)
             Began as a Spriggan Enchanter on Feb 11, 2020.
             Was an Initiate of Ashenzari.
             Killed by nerve-wracking pain
             ... invoked by an orc priest
              (13 damage)
             ... on level 3 of the Dungeon on Feb 12, 2020.
             The game lasted 00:06:57 (3675 turns).

Aggronaut the Sneak (Spriggan Enchanter)            Turns: 3675, Time: 00:06:57

Health: -3/21      AC:  2    Str:  4    XL:     4   Next: 37%
Magic:  4/9        EV: 18    Int: 16    God:    Ashenzari [......]
Gold:   76         SH:  0    Dex: 17    Spells: 5/8 levels left

rFire    . . .     SeeInvis +   a - +1 dagger
rCold    . . .     Gourm    .   (shield restricted)
rNeg     . . .     Faith    .   b - +0 robe
rPois    .         Spirit   .   (helmet restricted)
rElec    .         Reflect  .   (no cloak)
rCorr    .         Harm     .   (gloves unavailable)
MR       .....                  (boots unavailable)
Stlth    +++.......             (no amulet)
HPRegen  0.07/turn              (no ring)
MPRegen  0.11/turn              (no ring)

@: very quick
A: very small, unfitting armour, see invisible, herbivore, speed 3, slow
metabolism 2
a: Curse Item, Renounce Religion


You were on level 3 of the Dungeon.
You worshipped Ashenzari.
Ashenzari was noncommittal.
You were very hungry.

You visited 1 branch of the dungeon, and saw 3 of its levels.

You collected 76 gold pieces.

Inventory:

Hand Weapons
 a - a +1 dagger (weapon)
Armour
 b - a +0 robe (worn)
Jewellery
 i - an uncursed ring of ice
Scrolls
 f - 2 scrolls of enchant armour {unknown}
 g - 3 scrolls of teleportation {unknown}
 j - a scroll of amnesia {unknown}
 k - 3 scrolls of identify {unknown}
 o - a scroll of immolation {unknown}
 p - a scroll of remove curse
Potions
 c - 2 potions of invisibility {unknown}
 e - a potion of brilliance {unknown}
 h - a potion of curing {unknown}
 l - a potion of haste {unknown}
 m - a potion of berserk rage {unknown}
 n - 2 potions of mutation {unknown}
Comestibles
 d - 4 rations


   Skills:
 - Level 0.4 Fighting
 - Level 1.6 Short Blades
 - Level 3.3 Dodging
 + Level 6.0 Stealth
 - Level 2.7 Spellcasting
 * Level 5.0 Hexes


You had 5 spell levels left.
You knew the following spells:

 Your Spells              Type           Power        Failure   Level  Hunger
a - Corona                Hex            ###....      2%          1    #......
b - Ensorcelled Hibernat  Hex/Ice        ##....       11%         2    ##.....

Your spell library contained the following spells:

 Spells                   Type           Power        Failure   Level  Hunger
 Confusing Touch          Hex            ###.....     8%          3    ###....
 Tukima's Dance           Hex            ###.....     8%          3    ###....
 Dazzling Flash           Conj/Hex       ##....       21%         3    ###....


Dungeon Overview and Level Annotations

Branches:
Dungeon (3/15)

Altars:
Ashenzari
The Shining One


Innate Abilities, Weirdness & Mutations

You are very small and have problems with some larger weapons.
You are too small for most types of armour.
You have supernaturally acute eyesight. (SInv)
You are a herbivore.
You cover ground extremely quickly.
You need to consume almost no food.


Message History

The orc priest is moderately wounded.
The orc priest closely misses you.
Casting: Ensorcelled Hibernation (safe; 11% risk of failure)
Confirm with . or Enter, or press ? or * to list all spells.
Aiming: Ensorcelled Hibernation (safe; 11% risk of failure)
Press: ? - help, Shift-Dir - straight line, f - you, p - orc priest That would be overly suicidal.
Okay, then.
Items here: )) [ † a +0 mace x2; a cursed +0 leather armour; an orc corpse
Casting: Ensorcelled Hibernation (safe; 11% risk of failure)
Confirm with . or Enter, or press ? or * to list all spells.
Aiming: Corona (safe; 2% risk of failure)
Press: ? - help, Shift-Dir - straight line, f - orc priest
Aim: an orc priest, wielding a +0 whip (moderately wounded, chance to defeat MR: 56%)
The orc priest is outlined in light.
The orc priest calls down the wrath of Beogh upon you.
Pain shoots through your body!
Ouch! That really hurt!
You die...

# . # ##### ##### #....
...#
##.#.######.##########.#
#.......##....o@.......#
#.##'##....#.)##.#######
##.#...#..#...###.#
...#.#.#.....####.###
####.#.####.........#
#....#.. #..####.#.#
'.####### +..# #.#.#
#....# #.## #.# . ####.#
#.. ... ..


You could see an orc priest.

Vanquished Creatures
  3 adders
  A worm (D:3)
  A dart slug (D:1)
  3 leopard geckos
  5 orcs (D:3)
  6 bats
  2 giant cockroaches
  7 goblins
  4 hobgoblins
  A quokka (D:2)
  6 frilled lizards
  5 kobolds
  9 rats
53 creatures vanquished.

Notes
Turn   | Place    | Note
-------+----------+-------------------------------------------
     0 | D:1      | Aggronaut the Spriggan Enchanter began the quest for the
                  | Orb.
     0 | D:1      | Reached XP level 1. HP: 9/9 MP: 5/5
   473 | D:1      | Reached XP level 2. HP: 13/13 MP: 6/6
  1396 | D:1      | Reached skill level 5 in Stealth
  1740 | D:1      | Reached XP level 3. HP: 13/16 MP: 8/8
  1748 | D:1      | Upgraded the game from 0.25-a0-489-g9ae84a01e3 to
                  | 0.25-a0-496-g8c4878dea3
  2117 | D:2      | Learned a level 2 spell: Ensorcelled Hibernation
  2494 | D:2      | Found a shattered altar of Ashenzari.
  2549 | D:2      | Became a worshipper of Ashenzari the Shackled
  2794 | D:2      | Found a glowing golden altar of the Shining One.
  3310 | D:3      | Reached XP level 4. HP: 21/21 MP: 9/9
  3651 | D:3      | Reached skill level 6 in Stealth
  3651 | D:3      | Reached skill level 5 in Hexes
  3675 | D:3      | Killed from afar by an orc priest

Levels and vault maps discovered:
D:1:      grunt_arrival_lava_bath, layout_loops_cross
D:2:      layout_basic, lemuel_crystal_altar, serial_forest,
          infiniplex_forest_straight_2, infiniplex_forest_lined_3_way,
          infiniplex_forest_zigzag_2, infiniplex_forest_lined_ring,
          grunt_ministairs_9, solitary_fountain, nicolae_tso_carved_into_rock
D:3:      layout_loops_ring, minmay_misc_feat_encased, roderic_filled_cross,
          chequers_decorated_corner

Skill      XL: |  1  2  3  4 |
---------------+-------------+-----
Hexes          | 4 5 |  5.0
Stealth        | 5 6 |  6.0
Fighting       | |  0.4
Short Blades   | |  1.6
Dodging        | |  3.3
Spellcasting   | |  2.7

Action                   |  1- 3 |  4- 6 || total
-------------------------+-------+-------++-------
Melee: Dagger            |   152 |    37 ||   189
 Cast: Ensorcelled Hiber |       |     7 ||     7
       Corona            |       |     1 ||     1
 Stab: Sleeping          |    13 |     7 ||    20
Armor: Robe              |    15 |       ||    15
Dodge: Dodged            |    93 |    24 ||   117

Table legend:
 A = Non-vault XP
 B = Vault XP
 C = Vault XP percentage of total XP
 D = Non-vault monster count
 E = Vault monster count
 F = Vault count percentage of total count
                 A         B        C        D         E       F
            +---------+---------+-------+---------+---------+-------
      Total |     131 |       3 |   2.2 |      52 |       1 |   1.9
            +---------+---------+-------+---------+---------+-------
        D:1 |      46 |       0 |   0.0 |      28 |       0 |   0.0
        D:2 |      42 |       3 |   6.7 |      11 |       1 |   8.3
        D:3 |      43 |       0 |   0.0 |      13 |       0 |   0.0
            +---------+---------+-------+---------+---------+-------
